 Dungeon Crawl Stone Soup version 0.23.1 (webtiles) character file.

Game seed: 4830137468009442468

305 kae the Sneak (level 6, -4/50 HPs)
             Began as a Naga Enchanter on Mar 19, 2019.
             Was an Initiate of Okawaru.
             Slain by a centaur skeleton (7 damage)
             ... on level 4 of the Dungeon.
             The game lasted 00:05:57 (4212 turns).

kae the Sneak (Naga Enchanter)                      Turns: 4212, Time: 00:05:58

Health: -4/50      AC:  7    Str: 10    XL:     6   Next: 39%
Magic:  8/10       EV: 10    Int: 16    God:    Okawaru [......]
Gold:   145        SH:  0    Dex: 13    Spells: 5/11 levels left

rFire    + . .     SeeInvis +   x - +1 spear
rCold    . . .     Gourm    .   (no shield)
rNeg     . . .     Faith    .   b - +0 robe
rPois    +         Spirit   .   s - +2 hat
rElec    .         Reflect  .   p - +0 cloak
rCorr    .         Harm     .   h - +0 pair of gloves
MR       .....                  (no barding)
Stlth    +++.......             (no amulet)
HPRegen  0.16/turn              g - ring of protection from fire
MPRegen  0.12/turn              (no ring)

@: very slow
A: large, see invisible, deformed body, poison resistance, slowness 2, slow
metabolism 1, spit poison 1, AC +2
a: Spit Poison, Renounce Religion


You were on level 4 of the Dungeon.
You worshipped Okawaru.
Okawaru was noncommittal.
You were not hungry.

You visited 1 branch of the dungeon, and saw 4 of its levels.

You collected 145 gold pieces.

Inventory:

Hand Weapons
 a - a +1 dagger
 x - a +1 spear (weapon)
Armour
 b - a +0 robe (worn)
 h - a +0 pair of gloves (worn)
 p - a +0 cloak (worn)
 s - a +2 hat (worn)
Jewellery
 g - a ring of protection from fire (left hand)
Wands
 n - a wand of digging (5)
 q - a wand of random effects (22)
Scrolls
 j - 4 scrolls of identify
 k - 2 scrolls of fear
 w - a scroll of teleportation
Potions
 c - 2 potions of ambrosia
 e - a potion of invisibility
 i - a potion of haste {unknown}
 l - a potion of resistance {unknown}
 o - a potion of might {unknown}
 r - a potion of lignification {unknown}
 t - a potion of brilliance {unknown}
 v - a potion of curing {unknown}
Comestibles
 d - 5 rations


   Skills:
 + Level 0.6 Fighting
 - Level 3.4 Short Blades
 + Level 0.5 Polearms
 - Level 1.5 Dodging
 - Level 7.0 Stealth
 + Level 3.0 Spellcasting
 + Level 3.8 Hexes
 + Level 0.6 Invocations


You had 5 spell levels left.
You knew the following spells:

 Your Spells              Type           Power        Failure   Level  Hunger
a - Corona                Hex            ##.....      4%          1    #......
b - Ensorcelled Hibernat  Hex/Ice        #.....       13%         2    ##.....
c - Confuse               Hex            ##......     12%         3    ###....

Your spell library contained the following spells:

 Spells                   Type           Power        Failure   Level  Hunger
 Tukima's Dance           Hex            ##......     12%         3    ###....
 Dazzling Spray           Conj/Hex       #.....       26%         3    ###....


Dungeon Overview and Level Annotations

Branches:
Dungeon (4/15)
 Temple: D:4-7

Altars:
Makhleb
Okawaru

Annotations:
D:4 exclusion: centaur


Innate Abilities, Weirdness & Mutations

You cannot wear boots.
Your serpentine skin is tough. (AC +2)
You have supernaturally acute eyesight. (SInv)
Armour fits poorly on your strangely shaped body.
Your system is resistant to poisons. (rPois)
You cover ground very slowly.
You have a slow metabolism.
You can spit poison.


Message History

The splash of poison hits the orc wizard!
The orc wizard is poisoned.
You kill the orc wizard!
Okawaru accepts your kill.
Your Spellcasting skill increases to level 3!
You feel slightly more hungry. The orc hits you but does no damage.
The centaur skeleton hits you.
* * * LOW HITPOINT WARNING * * *
You hit the orc but do no damage.
The centaur skeleton closely misses you.
The orc hits you but does no damage.
You hit the orc.
The orc is lightly wounded.
You have got your breath back.
The centaur skeleton hits you.
* * * LOW HITPOINT WARNING * * *
The orc hits you with a +0 dagger.
* * * LOW HITPOINT WARNING * * *
The centaur skeleton hits you!
You die...

#......##
#..!...# .
#......#
...##......######
.......)....#....
....#.#.........#
.........!......#
....#.#.........#
........)@.......
...#.###)Zo......
..... #.........
..... #.........
..# ..........
...........
#.........#
##......###


You could see an orc and a centaur skeleton.

Vanquished Creatures
  A hound (D:4)
  An orc wizard (D:4)
  Crazy Yiuf (D:2)
  Natasha (thrice) (D:2)
  Robin (D:2)
  3 adders
  2 oozes
  An adder skeleton (D:4)
  2 dart slugs
  A worm (D:2)
  A leopard gecko (D:2)
  3 orcs (D:4)
  3 ball pythons (D:2)
  5 bats
  17 goblins
  9 hobgoblins
  11 jackals
  9 kobolds
  2 quokkas
  2 frilled lizards (D:3)
  4 rats
82 creatures vanquished.

Notes
Turn   | Place    | Note
-------+----------+-------------------------------------------
     0 | D:1      | kae the Naga Enchanter began the quest for the Orb.
     0 | D:1      | Reached XP level 1. HP: 15/15 MP: 3/3
   159 | D:1      | Reached XP level 2. HP: 19/22 MP: 5/5
   288 | D:1      | Learned a level 2 spell: Ensorcelled Hibernation
   332 | D:1      | Reached skill level 5 in Stealth
   771 | D:1      | Reached XP level 3. HP: 28/28 MP: 3/6
  1473 | D:2      | Found a runed translucent door.
  1474 | D:2      | Noticed Crazy Yiuf
  1891 | D:2      | Noticed Robin
  1895 | D:2      | Killed Robin
  1895 | D:2      | Reached XP level 4. HP: 28/36 MP: 4/7
  2241 | D:2      | Noticed Natasha
  2246 | D:2      | Killed Natasha
  2246 | D:2      | Reached skill level 6 in Stealth
  2454 | D:2      | Reached XP level 5. HP: 41/42 MP: 5/8
  2513 | D:2      | Noticed Natasha
  2527 | D:2      | Killed Natasha
  2869 | D:2      | Killed Crazy Yiuf
  2958 | D:2      | Noticed Natasha
  2967 | D:2      | Killed Natasha
  3262 | D:3      | Reached skill level 7 in Stealth
  3262 | D:3      | Reached XP level 6. HP: 32/49 MP: 2/10
  3398 | D:3      | Found an iron altar of Okawaru.
  3819 | D:3      | Found a burning altar of Makhleb.
  3819 | D:3      | Noticed a cacodemon
  3823 | D:3      | Noticed a ynoxinul
  3823 | D:3      | Noticed an orange demon
  3942 | D:3      | Became a worshipper of Warmaster Okawaru
  4124 | D:4      | Learned a level 3 spell: Confuse
  4212 | D:4      | Slain by a centaur skeleton

Skill      XL: |  1  2  3  4  5  6 |
---------------+-------------------+-----
Stealth        | 5 6 7 |  7.0
Short Blades   | 2 3 |  3.4
Spellcasting   | 3 |  3.0
Fighting       | |  0.6
Polearms       | |  0.5
Dodging        | |  1.5
Hexes          | |  3.8
Invocations    | |  0.6

Action                   |  1- 3 |  4- 6 || total
-------------------------+-------+-------++-------
Melee: Dagger            |    79 |    94 ||   173
       Spear             |       |    45 ||    45
 Cast: Ensorcelled Hiber |    13 |    21 ||    34
       Corona            |     1 |     2 ||     3
 Abil: Spit Poison       |     5 |     8 ||    13
  Use: Scroll            |     5 |     3 ||     8
       Potion            |       |     1 ||     1
 Stab: Sleeping          |    19 |    20 ||    39
  Eat: Chunk             |     3 |     6 ||     9
       Ration            |       |     1 ||     1
Armor: Robe              |    20 |   110 ||   130
Dodge: Dodged            |    44 |   130 ||   174
